 Dungeon Crawl Stone Soup version 0.30-a0-1103-g25895a7845 (webtiles) character file.

Game seed: 13159329003122654760

3836 ragingrage the Slicer (level 9, -9/68 HPs)
             Began as a Mummy Monk on Apr 18, 2023.
             Was an Initiate of Gozag.
             Shot with an arrow by a centaur (10 damage)
             ... on level 8 of the Dungeon.
             The game lasted 00:13:36 (7503 turns).

ragingrage the Slicer (Mummy Monk)                  Turns: 7503, Time: 00:13:37

Health: -9/68      AC: 16    Str: 14    XL:     9   Next: 98%
Magic:  9/9        EV:  8    Int:  9    God:    Gozag
Gold:   387        SH:  0    Dex: 19    Spells: 5/8 levels left

rFire   . . .      SeeInvis +    b - +2 short sword (venom)
rCold   + + .      Faith    +    c - orb {light}
rNeg    + + +      Spirit   .    f - +3 chain mail
rPois   ∞          Reflect  .    v - +1 helmet
rElec   +          Rampage  .    e - +1 cloak
rCorr   +                        (no gloves)
Will    +....                    (no boots) Stlth
                                 (no amulet)
HPRegen 0.31/turn                k - ring of resist corrosion
MPRegen 0.11/turn                n - ring of see invisible

@: resistant, glowing, invisible (but backlit and visible)
A: cold resistance 1, negative energy resistance 3, torment resistance 2, heat
vulnerability 1, in touch with death 1, no potions, faith
a: Renounce Religion, Potion Petition, Call Merchant, Bribe Branch


You were on level 8 of the Dungeon.
You worshipped Gozag.
Gozag was aware of your devotion.
You visited 2 branches of the dungeon, and saw 9 of its levels.

You collected 747 gold pieces.
You paid 360 gold pieces to Gozag.

Inventory:

Hand Weapons
 a - a +1 dagger of draining
 b - a +2 short sword of venom (weapon)
 d - a +0 rapier
 l - a +0 shortbow
 m - a +0 falchion
Missiles
 u - 14 poisoned darts (quivered)
Armour
 c - an orb of light (worn)
 e - a +1 cloak (worn)
 f - a +3 chain mail (worn)
 g - a +0 kite shield
 v - a +1 helmet (worn)
 x - a +2 robe of willpower
Jewellery
 k - a ring of resist corrosion (left hand)
 n - a ring of see invisible (right hand)
Wands
 q - a wand of digging (4)
 s - a wand of paralysis (13)
 w - a wand of iceblast (5)
Scrolls
 h - a scroll of enchant armour
 o - 2 scrolls of identify
 p - a scroll of fog
 r - 3 scrolls of enchant weapon


   Skills:
 - Level 5.0 Fighting
 - Level 9.7(10.1) Short Blades
 + Level 3.8(7.3) Long Blades
 + Level 4.1 Armour
 - Level 2.4 Dodging
 - Level 3.0 Evocations


You had 5 spell levels left.
You knew the following spells:

 Your Spells              Type           Power      Damage    Failure   Level
a - Ozocubu's Armour      Ice            0%         N/A       100%        3

Your spell library contained the following spells:

 Spells                   Type           Power      Damage    Failure   Level
 Apportation              Tloc           0%         N/A       99%         1
 Freeze                   Ice            0%         1d3       99%         1
 Kiss of Death            Conj/Necr      0%         2d5       99%         1
 Necrotise                Necr           0%         1d4       99%         1
 Summon Small Mammal      Summ           0%         N/A       99%         1
 Static Discharge         Conj/Air       0%         2-2/arc   100%        2
 Confusing Touch          Hex            0%         N/A       100%        3
 Frozen Ramparts          Ice            0%         1d1       100%        3
 Hailstorm                Conj/Ice       0%         3d3       100%        3
 Airstrike                Air            0%         2d(0-16)  100%        4
 Dispel Undead            Necr           0%         3d6       100%        4
 Summon Lightning Spire   Summ/Air       0%         N/A       100%        4
 Ozocubu's Refrigeration  Ice            0%         4d7       100%        7


Dungeon Overview and Level Annotations

Branches:
Dungeon (8/15)             Temple (1/1) D:4
   Lair: D:8-11

Altars:
Ashenzari
Dithmenos
Fedhas
Gozag
Hepliaklqana
Makhleb
Nemelex Xobeh
Qazlal
Ru
Sif Muna
Trog
Uskayaw
Vehumet
Wu Jian
Xom
Yredelemnul

Shops:
D:4 (

Annotations:
D:6 exclusion: door
D:7 exclusion: downstairs


Innate Abilities, Weirdness & Mutations

You are immune to poison.
Your flesh is cold resistant. (rC+)
You are immune to negative energy. (rN+++)
You are immune to unholy pain and torment.
You are vulnerable to heat. (rF-)
You are in touch with the powers of death.
You do not drink.
You have a special connection with the divine. (Faith)


Message History

You hear a loud clanging noise!
It was a scroll of noise.
You hear two shouts!
You hear a horrible gurgling sound!
You hear a croak.
This is a scroll of acquirement!
You see here a manual of Dodging.
Something appears at your feet!
The centaur warrior shoots an arrow.
The arrow hits you but does no damage.
The centaur warrior shoots an arrow.
The arrow closely misses you.
You can't drink.
Okay, then.
Okay, then.
Keep disrobing?
You start removing your armour.
You continue taking off your orb of light.
The centaur unwields a +0 dagger.
The centaur wields a +0 shortbow.
The centaur shoots an arrow.
The arrow hits you but does no damage.
The centaur warrior unwields a +0 shortbow.
The centaur warrior wields a +0 spear.
The centaur warrior hits you with a +0 spear.
* * * LOW HITPOINT WARNING * * *
The centaur warrior kicks you but does no damage.
The centaur shoots an arrow.
The arrow barely misses you.
The centaur warrior hits you with a +0 spear.
* * * LOW HITPOINT WARNING * * *
The centaur warrior kicks you but does no damage.
You continue taking off your orb of light.
The centaur shoots an arrow.
The arrow closely misses you.
The centaur warrior hits you but does no damage.
The centaur warrior kicks you.
* * * LOW HITPOINT WARNING * * *
You continue taking off your orb of light.
The centaur warrior barely misses you. The centaur warrior kicks you.
* * * LOW HITPOINT WARNING * * *
The deep elf pyromancer gestures wildly while chanting.
The deep elf pyromancer blinks!
The centaur warrior hits you with a +0 spear.
* * * LOW HITPOINT WARNING * * *
The centaur warrior kicks you but does no damage.
The centaur shoots an arrow.
The arrow hits you!
You die...
Your body crumbles into a pile of gold.

..# #..# #.# #.#
#..# ..# #..#
#.# #.# #..#
##.# #.# #.#
#..#
#.####.###.###
#...
#.....ec......
...
..###e........
...
###.c#.#...##
###.##.#.....c..
#.c.@#.#.##.....
#..###c§#.# ....
## # ####.. ...
.. #.# ....§..s
#.# ....... #.#
#.[... #....
##... $ ..(


You could see a centaur warrior and a centaur.

Vanquished Creatures
  A lindwurm (shapeshifter) (D:8)
  A deep elf pyromancer (D:8)
  A cyclops (D:7)
  Grinder (D:4)
  A water moccasin (D:5)
  Duvessa (D:5)
  A sky beast (D:7)
  An orc warrior (D:8)
  4 black bears
  A phantom (D:7)
  2 kobold brigands (D:8)
  5 bullfrogs
  2 scorpions
  Dowan (D:5)
  4 killer bees
  A howler monkey (D:7)
  A jelly (D:5)
  3 hounds
  5 orc priests
  3 iguanas (D:5)
  A sleepcap (D:6)
  Ijyb (D:4)
  4 orc wizards
  7 gnolls
  7 adders
  2 shadow imps (D:5)
  A white imp (D:5)
  2 ufetubi
  A worm (D:3)
  3 dart slugs
  12 orcs
  13 endoplasms
  5 giant cockroaches
  2 goblins
  7 hobgoblins
  6 kobolds
  9 ball pythons
  4 bats
  3 frilled lizards
  A spectral orc (D:6)
131 creatures vanquished.

Notes
Turn   | Place    | Note
-------+----------+-------------------------------------------
     0 | D:1      | ragingrage the Mummy Monk began the quest for the Orb.
     0 | D:1      | Reached XP level 1. HP: 18/18 MP: 1/1
   160 | D:1      | Reached XP level 2. HP: 24/24 MP: 2/2
   473 | D:2      | Reached skill level 1 in Short Blades
   741 | D:2      | Gained mutation: You are in touch with the powers of death.
                  | [Mummy growth]
   741 | D:2      | Reached XP level 3. HP: 26/29 MP: 3/3
   924 | D:2      | Found a faded altar of an unknown god.
  1194 | D:3      | Reached skill level 2 in Short Blades
  1542 | D:3      | Reached XP level 4. HP: 31/35 MP: 4/4
  2021 | D:3      | Reached skill level 3 in Short Blades
  2406 | D:4      | Reached XP level 5. HP: 41/41 MP: 5/5
  2615 | D:4      | Found a staircase to the Ecumenical Temple.
  2621 | Temple   | Entered the Ecumenical Temple
  2768 | Temple   | Became a worshipper of Gozag Ym Sagoz the Greedy
  2792 | D:4      | Noticed Grinder
  2899 | D:4      | Paralysed by Grinder for 5 turns
  2916 | D:4      | Killed Grinder
  2917 | D:4      | Reached skill level 5 in Short Blades
  2917 | D:4      | Reached XP level 6. HP: 24/47 MP: 6/6
  3197 | D:4      | Noticed Ijyb
  3198 | D:4      | Found Hunum's Weapon Emporium.
  3207 | D:4      | Killed Ijyb
  3382 | D:5      | Entered Level 5 of the Dungeon
  3626 | D:5      | Noticed Dowan
  3626 | D:5      | Noticed Duvessa
  3646 | D:5      | Killed Duvessa
  3647 | D:5      | Reached skill level 6 in Short Blades
  3647 | D:5      | Reached XP level 7. HP: 15/52 MP: 7/7
  3649 | D:5      | HP: 2/52 [Dowan/shard of ice (13)]
  3848 | D:5      | Killed Dowan
  4289 | D:5      | Found a broken altar of Ashenzari.
  4443 | D:5      | Reached skill level 7 in Short Blades
  4957 | D:6      | Reached XP level 8. HP: 55/58 MP: 8/8
  5004 | D:6      | Learned a level 3 spell: Ozocubu's Armour
  5140 | D:6      | Reached skill level 8 in Short Blades
  5201 | D:6      | Found a basalt altar of Yredelemnul.
  5552 | D:6      | Found a shimmering blue altar of Sif Muna.
  5805 | D:7      | Reached skill level 9 in Short Blades
  5876 | D:7      | Noticed a +0 hand axe
  5878 | D:7      | Found a hide-covered altar of Uskayaw.
  5878 | D:7      | Noticed a +0 hand axe
  6016 | D:7      | Noticed a cyclops
  6035 | D:7      | Killed a cyclops
  6036 | D:7      | Reached XP level 9. HP: 27/63 MP: 9/9
  6171 | D:7      | Found a hazy altar of Hepliaklqana.
  6253 | D:7      | Reached skill level 1 in Armour
  6253 | D:7      | Reached skill level 1 in Evocations
  6914 | D:8      | Found a sparkling altar of Nemelex Xobeh.
  7065 | D:8      | a culicivora changed into a mana viper
  7065 | D:8      | Noticed a mana viper (shapeshifter)
  7071 | D:8      | a mana viper changed into a lindwurm
  7071 | D:8      | Noticed a lindwurm (shapeshifter)
  7082 | D:8      | Killed a lindwurm
  7225 | D:8      | Reached skill level 5 in Fighting
  7264 | D:8      | Noticed a deep elf pyromancer
  7266 | D:8      | Noticed a deep elf pyromancer
  7291 | D:8      | Killed a deep elf pyromancer
  7445 | D:8      | Noticed a centaur warrior
  7487 | D:8      | Noticed a deep elf pyromancer
  7499 | D:8      | Identified a scroll of acquirement
  7499 | D:8      | Acquired a manual of Dodging
  7503 | D:8      | HP: 1/68 [centaur warrior/+0 spear (6)]
  7503 | D:8      | Shot with an arrow by a centaur

Illustrated notes

Levels and vault maps discovered:
D:1:      minmay_arrival_checkered_box, layout_rooms, item_on_display_b
D:2:      layout_loops_ring, ebering_ecumenical_altar_webs
D:3:      layout_basic
D:4:      layout_gridville, temple_green, serial_shops, shop_fountains,
          uniq_grinder, uniq_ijyb
D:5:      layout_basic, ashenzari_altar_1, uniq_duvessa
D:6:      layout_cave_pools, led_sif_book, yredelemnul_forgotten_temple_becter,
          mainiacjoe_overflow_six_doors_small, nicolae_figureground_pulse
D:7:      layout_loops_ring, dancing_weapons_uskayaw, kennysheep_little_box,
          minmay_misc_feat_enclosed
D:8:      minmay_the_grid_triangle_9x9_rhombus_thin
          [minmay_the_grid_triangle_9x9_dagger,
          minmay_the_grid_triangle_9x9_prize_center,
          minmay_the_grid_triangle_9x9_longest,
          minmay_the_grid_triangle_9x9_semitri], layout_loops_ring,
          mainiacjoe_overflow_tiny_flanked, nemelex_xobeh_ov_fountains_minmay,
          dk_vineyard_2
Temple:   hellmonk_temple_forest_ring

Skill      XL: |  1  2  3  4  5  6  7  8  9 |
---------------+----------------------------+-----
Short Blades   | 1 2 3 5 6 7 9 |  9.7
Armour         | 4 |  4.1
Evocations     | 3 |  3.0
Fighting       | 5 |  5.0
Long Blades    | 3 |  3.8
Dodging        | |  2.4

Action                     |  1- 3 |  4- 6 |  7- 9 || total
---------------------------+-------+-------+-------++-------
  Melee: Falchion          |    15 |       |       ||    15
         Short sword       |    85 |   105 |   337 ||   527
         Dagger            |       |     2 |    22 ||    24
  Throw: Dart              |       |       |     3 ||     3
 Invoke: Potion Petition   |       |       |     1 ||     1
  Evoke: Wand              |       |       |     2 ||     2
    Use: Scroll            |       |     1 |     9 ||    10
 Armour: Robe              |    10 |     1 |       ||    11
         Ring mail         |       |    27 |     5 ||    32
         Chain mail        |       |       |   132 ||   132
  Dodge: Dodged            |    68 |    38 |    76 ||   182

Table legend: (Time is in decaauts)
 A = Elapsed time spent in this place.
 B = Non-inter-level travel time spent in this place.
 C = Inter-level travel time spent in this place.
 D = Time resting spent in this place.
 E = Time spent auto-exploring this place.
 F = Levels seen in this place.
 G = Mean time per level.
                   A        B        C        D        E       F      G
               +--------+--------+--------+--------+--------+-----+--------+
         Total |   7311 |   6905 |    406 |   1163 |   4307 |   9 |  812.3 |
       Dungeon |   7156 |   6771 |    385 |   1163 |   4183 |   8 |  894.5 |
        Temple |    155 |    134 |     21 |      0 |    124 |   1 |  155.0 |
               +--------+--------+--------+--------+--------+-----+--------+

Top non-repeatable levels by time:
     D:4: 1203 daAuts
     D:3: 1195 daAuts
     D:5: 1166 daAuts
     D:7: 973 daAuts
     D:6: 820 daAuts
     D:2: 703 daAuts
     D:8: 642 daAuts
     D:1: 450 daAuts
  Temple: 155 daAuts
